 Dungeon Crawl Stone Soup version 0.28-a0-695-gff097466f2 (webtiles) character file.

Game seed: 3396800472777923255

110 BlueGoblin the Ducker (level 4, -1/31 HPs)
             Began as an Octopode Monk on Oct 22, 2021.
             Slain by an ogre (29 damage)
             ... on level 3 of the Dungeon.
             The game lasted 00:05:16 (3586 turns).

BlueGoblin the Ducker (Octopode Monk)               Turns: 3586, Time: 00:05:17

Health: -1/31      AC:  1    Str: 10    XL:     4   Next: 91%
Magic:  4/4        EV: 15    Int: 12    God:
Gold:   107        SH:  0    Dex: 15    Spells: 3/3 levels left

rFire   . . .      SeeInvis .   a - +1 falchion
rCold   . . .      Faith    .   (no shield)
rNeg    . . .      Spirit   .   (helmet restricted)
rPois   +          Reflect  .   (no amulet)
rElec   .          Harm     .   d - ring of poison resistance
rCorr   .          Rampage  .   (no ring)
Will    .....                   (no ring)
Stlth   +++.......              (no ring)
HPRegen 0.10/turn               (no ring)
MPRegen 0.09/turn               (no ring)
                                (no ring)
                                (no ring)

@: no status effects
A: almost no armour, amphibious, 8 rings, camouflage 1, gelatinous body 1,
(nimble swimmer 1), tentacles
a: no special abilities


You were on level 3 of the Dungeon.
You visited 1 branch of the dungeon, and saw 4 of its levels.

You collected 107 gold pieces.

Inventory:

Hand Weapons
 a - a +1 falchion (weapon)
Missiles
 g - 93 stones (quivered)
Jewellery
 d - a ring of poison resistance (left tentacle)
 i - a ring of protection from fire
Scrolls
 c - 2 scrolls of blinking {unknown}
 e - a scroll of fear {unknown}
 j - a scroll of holy word
Potions
 b - 6 potions of heal wounds
 f - a potion of flight {unknown}
 h - 2 potions of curing {unknown}


   Skills:
 - Level 3.0 Fighting
 - Level 3.0 Long Blades
 + Level 5.4 Dodging
 - Level 2.6 Stealth


You had 3 spell levels left.
You didn't know any spells.
Your spell library contained the following spells:

 Spells                   Type           Power      Damage    Failure   Level
 Ignite Poison            Fire/Tmut/Pois 0%         N/A       69%         3
 Mephitic Cloud           Conj/Pois/Air  0%         N/A       69%         3
 Freezing Cloud           Conj/Ice/Air   0%         6-21      100%        5


Dungeon Overview and Level Annotations

Branches:
Dungeon (4/15)
 Temple: D:4-7

Altars:


Innate Abilities, Weirdness & Mutations

You cannot wear most types of armour.
You are amphibious.
You can wear up to eight rings at the same time.
Your skin changes colour to match your surroundings (Stealth+).
Your rubbery body absorbs attacks. (AC +1, EV +1)
((You are camouflaged near water. (Stealth+)))
You have tentacles for arms and can constrict up to eight enemies at once.


Message History

An ogre comes into view. It is wielding a +0 giant club.
Found a stone staircase leading down.
The ogre shouts!
An adder skeleton comes into view.
You see here a scroll labelled IMIFRANEEDGH.
There is a stone staircase leading up here.
Okay, then.
Found 14 gold pieces.
A kobold comes into view. It is wielding a +0 whip.
The kobold moves out of view.
You see here 14 gold pieces.
The kobold barely misses you.
You see here a scroll labelled IMIFRANEEDGH.
The ogre misses you.
There is a stone staircase leading up here.
The kobold closely misses you.
You climb upwards.
There is a stone staircase leading down here.
The ogre closely misses you.
There is a stone staircase leading up here.
The ogre hits you with a +0 giant club!
Press: ? - help, v - describe, . - travel
Here: an ogre, wielding a +0 giant club The floor.
Unknown command.
You see here a +0 dagger.
The kobold closely misses you. The kobold hits you with a +0 whip.
The kobold barely misses you.
You hit the kobold.
You kill the kobold!
There is a stone staircase leading up here.
You see here a staff of fire.
You see here a +0 dagger.
You hit the ogre but do no damage. The ogre closely misses you.
You hit the ogre.
The ogre is lightly wounded.
The ogre hits you with a +0 giant club!!
Ouch! That really hurt!
You die...

#........# #........#
####.....# #.....)..#
#.....# #........#
#.....# #........##
#..|..# #..........
#.....# #........##
#.....# #........#.
###O### #........#.
######@## #........#.
#.......# #........#.
#.......# #........#.
#.......#####........##
#..................###
#.......###############
#.......# #.........
#.......# #.........
#.......# #.........


You could see an ogre.

Vanquished Creatures
  A gnoll (D:3)
  2 adders
  An ufetubus (D:4)
  A dart slug (D:1)
  3 worms
  An orc (D:3)
  7 endoplasms
  4 giant cockroaches
  9 goblins
  5 hobgoblins
  4 jackals
  6 kobolds
  A quokka (D:3)
  7 ball pythons
  5 bats
  4 frilled lizards
  3 rats
64 creatures vanquished.

Notes
Turn   | Place    | Note
-------+----------+-------------------------------------------
     0 | D:1      | BlueGoblin the Octopode Monk began the quest for the Orb.
     0 | D:1      | Reached XP level 1. HP: 16/16 MP: 1/1
   105 | D:1      | Reached XP level 2. HP: 4/21 MP: 2/2
   348 | D:1      | Found a faded altar of an unknown god.
   581 | D:1      | Reached skill level 4 in Dodging
   601 | D:1      | Reached XP level 3. HP: 25/26 MP: 3/3
  1798 | D:3      | Reached XP level 4. HP: 28/31 MP: 4/4
  2256 | D:3      | Reached skill level 5 in Dodging
  3413 | D:4      | Noticed an ogre
  3586 | D:3      | Slain by an ogre

Illustrated notes

Levels and vault maps discovered:
D:1:      tarquinn_simple_flora_water_a, layout_loops_ring,
          basic_ecumenical_altar, minivault_14
D:2:      layout_loops_ring
D:3:      layout_basic, interstate_on_off, minmay_fractal_squares_diagonal_5
D:4:      layout_rooms

Skill      XL: |  1  2  3  4 |
---------------+-------------+-----
Dodging        | 4 5 |  5.4
Fighting       | |  3.0
Long Blades    | |  3.0
Stealth        | |  2.6

Action                   |  1- 3 |  4- 6 || total
-------------------------+-------+-------++-------
Melee: Falchion          |    82 |    50 ||   132
       Constrict         |    19 |     7 ||    26
       Tentacles         |    10 |    11 ||    21
Throw: Stone             |       |    35 ||    35
  Use: Scroll            |     5 |       ||     5
 Stab: Sleeping          |    15 |     1 ||    16
Armor: Skin              |     5 |     2 ||     7
Dodge: Dodged            |    53 |    40 ||    93

Table legend: (Time is in decaauts)
 A = Elapsed time spent in this place.
 B = Non-inter-level travel time spent in this place.
 C = Inter-level travel time spent in this place.
 D = Time resting spent in this place.
 E = Time spent auto-exploring this place.
 F = Levels seen in this place.
 G = Mean time per level.
                   A        B        C        D        E       F      G
               +--------+--------+--------+--------+--------+-----+--------+
         Total |   3609 |   3444 |    165 |    647 |   2126 |   4 |  902.2 |
       Dungeon |   3609 |   3444 |    165 |    647 |   2126 |   4 |  902.2 |
               +--------+--------+--------+--------+--------+-----+--------+

Top non-repeatable levels by time:
     D:3: 1658 daAuts
     D:1: 992 daAuts
     D:2: 736 daAuts
     D:4: 222 daAuts
